 Dungeon Crawl Stone Soup version 0.30.0-10-gfe55d96785 (webtiles) character file.

Game seed: 7037404529354397981

10989 retardedninja the Thaumaturge (level 11, -9/83 HPs)
             Began as a Gnoll Fire Elementalist on May 15, 2023.
             Was a Priest of Cheibriados.
             Mangled by a slime creature (14 damage)
             ... on level 10 of the Dungeon.
             The game lasted 00:18:03 (13673 turns).

retardedninja the Thaumaturge (GnFE)               Turns: 13673, Time: 00:18:04

Health: -9/83      AC:  7    Str: 16    XL:     11   Next: 70%
Magic:  14/23      EV: 18    Int: 26    God:    Cheibriados [***...]
Gold:   547        SH:  0    Dex: 21    Spells: 17/27 levels left

rFire   + . .        a - +10 quarterstaff of Wrath {flame, rF- rN+ Will+++ SInv}
rCold   x . .        (shield currently unavailable)
rNeg    + . .        e - +2 robe {rF+}
rPois   .            (no helmet)
rElec   .            d - +2 cloak
rCorr   .            (no gloves)
SInv    +            (no boots)
Will    +++..        x - amulet of magic regeneration
Stlth   ++++         j - ring of fire
HPRegen 0.33/turn    C - +4 ring of slaying
MPRegen 0.58/turn

%: no passive effects
@: very slow
A: fangs 1, strong nose, distributed training
a: Renounce Religion, Bend Time, Temporal Distortion


You were on level 10 of the Dungeon.
You worshipped Cheibriados.
Cheibriados was most pleased with you.
You visited 2 branches of the dungeon, and saw 11 of its levels.

You collected 547 gold pieces.

Inventory:

Hand Weapons
 a - the +10 quarterstaff of Wrath (weapon) {flame, rF- rN+ Will+++ SInv}
   (You acquired it on level 6 of the Dungeon)

   rF:        It makes you vulnerable to fire.
   rN:        It protects you from negative energy.
   SInv:      It lets you see invisible.
   Will:      It greatly increases your willpower.
Missiles
 m - a throwing net
Armour
 d - a +2 cloak (worn)
 e - a +2 robe of fire resistance (worn)
Jewellery
 j - a ring of fire (left hand)
 x - an amulet of magic regeneration (around neck)
 C - a +4 ring of slaying (right hand)
Wands
 l - a wand of mindburst (13)
 p - a wand of polymorph (18)
 r - a wand of quicksilver (6)
 F - a wand of flame (18)
 I - a wand of charming (11)
Scrolls
 f - 9 scrolls of teleportation
 h - 2 scrolls of poison
 i - a scroll of immolation {unknown}
 s - a scroll of magic mapping
 u - a scroll of fear {unknown}
 v - a scroll of silence {unknown}
 A - 2 scrolls of vulnerability {unknown}
 G - a scroll of blinking
 J - 2 scrolls of fog
Potions
 b - a potion of magic
 c - a potion of mutation {unknown}
 g - 4 potions of brilliance
 k - a potion of berserk rage
 n - a potion of might
 o - 7 potions of curing
 q - 2 potions of cancellation
 B - 2 potions of heal wounds
 D - a potion of ambrosia
 E - a potion of flight {unknown}
 H - a potion of lignification
 L - a potion of attraction


   Skills:
 + Level 6.8 Fighting
 + Level 6.8 Short Blades
 + Level 6.8 Long Blades
 + Level 6.8 Axes
 + Level 6.8 Maces & Flails
 + Level 6.8 Polearms
 + Level 6.8 Staves
 + Level 6.8 Ranged Weapons
 + Level 6.8 Throwing
 + Level 6.8 Armour
 + Level 8.3 Dodging
 + Level 8.0 Stealth
 + Level 6.8 Shields
 + Level 6.8 Unarmed Combat
 + Level 8.5 Spellcasting
 + Level 6.1 Conjurations
 + Level 5.6 Hexes
 + Level 5.6 Summonings
 + Level 5.6 Necromancy
 + Level 5.6 Translocations
 + Level 5.6 Transmutations
 + Level 7.9 Fire Magic
 + Level 5.6 Ice Magic
 + Level 5.6 Air Magic
 + Level 5.6 Earth Magic
 + Level 5.6 Poison Magic
 + Level 7.4 Invocations
 + Level 6.8 Evocations


You had 17 spell levels left.
You knew the following spells:

 Your Spells              Type           Power      Damage    Failure   Level
a - Foxfire               Conj/Fire      100%       2x1d9     1%          1
b - Scorch                Fire           100%       2d9       1%          2
c - Flame Wave            Conj/Fire      64%        2d15      3%          4
d - Inner Flame           Hex/Fire       63%        N/A       1%          3

Your spell library contained the following spells:

 Spells                   Type           Power      Damage    Failure   Level
 Kiss of Death            Conj/Necr      100%       2d13      1%          1
 Shock                    Conj/Air       100%       1d9       1%          1
 Ensorcelled Hibernation  Hex/Ice        80%        N/A       1%          2
 Passwall                 Tmut/Erth      33%        N/A       1%          2
 Sublimation of Blood     Necr           40%        N/A       1%          2
 Dazzling Flash           Conj/Hex       82%        N/A       1%          3
 Mephitic Cloud           Conj/Pois/Air  41%        N/A       1%          3
 Ozocubu's Armour         Ice            40%        N/A       1%          3
 Stone Arrow              Conj/Erth      82%        3d12      1%          3
 Swiftness                Air            40%        N/A       1%          3
 Vhi's Electric Charge    Tloc/Air       80%        N/A       1%          3
 Volatile Blastmotes      Fire/Tloc      100%       2d18      1%          3
 Fulminant Prism          Conj/Hex       20%        3d12      4%          4
 Iskenderun's Mystic Bla  Conj/Tloc      41%        2d9       4%          4
 Airstrike                Air            20%        2d(3-19)  5%          4
 Animate Armour           Summ/Erth      80%        N/A       5%          4
 Petrify                  Tmut/Erth      40%        N/A       5%          4
 Iskenderun's Battlesphe  Conj           42%        2d9       12%         5
 Arcjolt                  Conj/Air       20%        1d30      13%         5
 Irradiate                Conj/Tmut      20%        3d18      13%         5
 Lee's Rapid Deconstruct  Erth           20%        3d12*     14%         5
 Starburst                Conj/Fire      32%        6d10      41%         6
 Plasma Beam              Fire/Air       31%        2x1d48    45%         6
 Conjure Ball Lightning   Conj/Air       20%        3x3d6     58%         6
 Ozocubu's Refrigeration  Ice            20%        4d11      99%         7
 Lehudib's Crystal Spear  Conj/Erth      20%        10d6      100%        8
 Fire Storm               Conj/Fire      32%        8d8       100%        9


Dungeon Overview and Level Annotations

Branches:
Dungeon (10/15)            Temple (1/1) D:7            Lair (0/5) D:10
    Orc: D:9-12

Altars:
Ashenzari
Cheibriados
Dithmenos
Elyvilon
Fedhas
Gozag
Hepliaklqana
Kikubaaqudgha
Makhleb
Nemelex Xobeh
Okawaru
Qazlal
Ru
Sif Muna
Trog
Uskayaw
Vehumet
Wu Jian
Xom
Yredelemnul
Zin
The Shining One

Annotations:
D:3 exclusion: statue
D:5 1 runed translucent door, Crazy Yiuf
D:8 5 runed translucent doors
D:9 1 runed translucent door


Innate Abilities, Weirdness & Mutations

You have very sharp teeth.
Your uncanny sense of smell can sniff out nearby items.
Your experience applies equally to all skills.


Message History

You feel a surge of power!
You conjure some foxfire!
The slime creature hits you but does no damage.
The foxfire hits the slime creature.
The slime creature is severely wounded.
The foxfire hits the slime creature.
The slime creature is almost dead.
The slime creature misses you. x2
Casting: Foxfire (safe; 1% risk of failure)
Confirm with . or Enter, or press ? or * to list all spells.
Casting: Flame Wave (dangerous; 3% risk of failure)
Press: ? - help, Dir - look around, f - activate You feel a surge of power!
A wave of flame ripples out!
The flame wave engulfs the slime creature!
The slime creature is severely wounded.
The flame wave engulfs the slime creature!!
You kill the slime creature!
Cheibriados thoroughly appreciates the change of pace. (Press . to intensify the flame waves.)
The slime creature hits you!
* * * LOW HITPOINT WARNING * * *
A wave of flame ripples out!
The flame wave engulfs the slime creature.
The slime creature is almost dead.
The flame wave engulfs the large slime creature!!
The large slime creature is heavily wounded.
A large slime creature splits.
The slime creature closely misses you.
Unknown command.
A wave of flame ripples out!
The flame wave engulfs the slime creature!
You kill the slime creature!
Cheibriados appreciates the change of pace.
The flame wave engulfs the slime creature!!
The slime creature is severely wounded.
The flame wave engulfs the slime creature!!
The slime creature is almost dead.
You finish channelling waves of flame.
The slime creature hits you!
* * * LOW HITPOINT WARNING * * *
The slime creature barely misses you. The slime creature closely misses you.
The slime creature hits you!
You die...

############
.#..........#
..........#.#
......###...#
...## ∆#.J@#
# ##.#J#
#..#.#
#..#.#####
##........#
#.........#
#.........###
#....>.......
##........#


You could see 2 slime creatures.

Vanquished Creatures
  A two-headed ogre (D:8)
  Amaemon (D:8)
  An unseen horror (D:10)
  An orange demon (D:8)
  4 unseen horror zombies (D:9)
  A troll (D:10)
  Grinder (D:6)
  Prince Ribbit (D:7)
  Sigmund (D:2)
  A shadow (D:10)
  A vampire (D:9)
  3 slime creatures (D:10)
  A wraith (D:10)
  13 yaks
  A steam dragon (D:3)
  Menkaure (D:6)
  3 wargs (D:10)
  An acid dragon (D:9)
  A water moccasin (D:6)
  Duvessa (D:4)
  3 orc warriors
  2 ice beasts
  2 black bears
  An ogre (D:6)
  A phantom (D:6)
  Blork the orc (D:4)
  3 kobold brigands
  A bullfrog (D:6)
  2 gnoll sergeants (D:6)
  3 scorpions
  3 necrophages (D:9)
  9 wights
  Dowan (D:4)
  3 killer bees (D:10)
  3 howler monkeys
  3 centaur zombies (D:9)
  6 orc priests
  A gnoll bouda (D:8)
  A human zombie (D:9)
  5 hounds
  A sleepcap (D:5)
  5 iguanas
  Natasha (thrice) (D:4)
  9 orc wizards
  A mummy (D:9)
  23 gnolls
  9 adders
  5 river rats (D:4)
  A shadow imp (D:7)
  A white imp (D:5)
  2 ufetubi
  A worm (D:4)
  2 dart slugs
  32 orcs
  9 ball pythons
  4 endoplasms
  3 giant cockroaches
  4 goblins
  2 hobgoblins
  4 jackals (D:2)
  7 quokkas
  3 bats
  5 frilled lizards
  19 kobolds
  7 rats
255 creatures vanquished.

Vanquished Creatures (collateral kills)
  2 foxfires (D:5)
2 creatures vanquished.

Vanquished Creatures (others)
  An angel (D:4)
  768 foxfires
769 creatures vanquished.

Grand Total: 1026 creatures vanquished

Notes
Turn   | Place    | Note
-------+----------+-------------------------------------------
     0 | D:1      | retardedninja the Gnoll Fire Elementalist began the quest
                  | for the Orb.
     0 | D:1      | Reached XP level 1. HP: 13/13 MP: 6/6
   200 | D:1      | Reached XP level 2. HP: 19/19 MP: 1/7
   312 | D:1      | Learned a level 2 spell: Scorch
   850 | D:1      | Reached skill level 5 in Spellcasting
   850 | D:1      | Reached XP level 3. HP: 25/25 MP: 1/9
  1275 | D:2      | Found a glowing golden altar of the Shining One.
  1569 | D:2      | Reached skill level 1 in Invocations
  1633 | D:2      | Noticed Sigmund
  1639 | D:2      | Killed Sigmund
  1640 | D:2      | Reached skill level 1 in Fighting
  1640 | D:2      | Reached skill level 1 in Short Blades
  1640 | D:2      | Reached skill level 1 in Long Blades
  1640 | D:2      | Reached skill level 1 in Axes
  1640 | D:2      | Reached skill level 1 in Maces & Flails
  1640 | D:2      | Reached skill level 1 in Polearms
  1640 | D:2      | Reached skill level 1 in Staves
  1640 | D:2      | Reached skill level 1 in Ranged Weapons
  1640 | D:2      | Reached skill level 1 in Throwing
  1640 | D:2      | Reached skill level 1 in Armour
  1640 | D:2      | Reached skill level 1 in Shields
  1640 | D:2      | Reached skill level 1 in Unarmed Combat
  1640 | D:2      | Reached skill level 1 in Hexes
  1640 | D:2      | Reached skill level 1 in Summonings
  1640 | D:2      | Reached skill level 1 in Necromancy
  1640 | D:2      | Reached skill level 1 in Translocations
  1640 | D:2      | Reached skill level 1 in Transmutations
  1640 | D:2      | Reached skill level 1 in Ice Magic
  1640 | D:2      | Reached skill level 1 in Air Magic
  1640 | D:2      | Reached skill level 1 in Earth Magic
  1640 | D:2      | Reached skill level 1 in Poison Magic
  1640 | D:2      | Reached skill level 1 in Evocations
  1640 | D:2      | Reached XP level 4. HP: 29/33 MP: 0/11
  1640 | D:2      | Reached XP level 5. HP: 33/38 MP: 0/12
  1974 | D:2      | Reached XP level 6. HP: 36/44 MP: 3/13
  2225 | D:2      | Reached skill level 5 in Dodging
  2559 | D:3      | Noticed a steam dragon
  2569 | D:3      | Killed a steam dragon
  2995 | D:3      | Reached XP level 7. HP: 44/51 MP: 11/15
  3304 | D:3      | Found a radiant altar of Vehumet.
  3861 | D:4      | Noticed Duvessa
  3874 | D:4      | Noticed Dowan
  3876 | D:4      | Killed Duvessa
  3882 | D:4      | Killed Dowan
  3883 | D:4      | Reached skill level 5 in Stealth
  4015 | D:4      | Found a glowing silver altar of Zin.
  4015 | D:4      | Noticed an angel
  4065 | D:4      | Noticed Natasha
  4070 | D:4      | Killed Natasha
  4163 | D:4      | Found a stormy altar of Qazlal.
  4197 | D:4      | Noticed Natasha
  4200 | D:4      | Found a shimmering altar of Xom.
  4213 | D:4      | Killed Natasha
  4442 | D:4      | Noticed Blork the orc
  4451 | D:4      | Killed Blork the orc
  4570 | D:4      | Reached XP level 8. HP: 52/58 MP: 11/16
  4796 | D:4      | Killed an angel
  4965 | D:4      | Noticed Natasha
  4973 | D:4      | Killed Natasha
  5136 | D:5      | Entered Level 5 of the Dungeon
  5139 | D:5      | Found a basalt altar of Yredelemnul.
  5628 | D:5      | Found a hazy altar of Hepliaklqana.
  5723 | D:5      | Found an iron altar of Okawaru.
  5779 | D:5      | Found an ancient bone altar of Kikubaaqudgha.
  5943 | D:5      | Found a white marble altar of Elyvilon.
  6353 | D:5      | Found a runed translucent door.
  6354 | D:5      | Noticed Crazy Yiuf
  6893 | D:6      | Reached XP level 9. HP: 52/65 MP: 7/18
  7223 | D:6      | Noticed Grinder
  7229 | D:6      | Paralysed by Grinder for 2 turns
  7234 | D:6      | Killed Grinder
  7576 | D:6      | Noticed Menkaure
  7580 | D:6      | Killed Menkaure
  7809 | D:6      | Identified 2 scrolls of acquirement
  7809 | D:6      | Acquired the +10 quarterstaff of Wrath {flame, rF- rN+
                  | Will+++ SInv}
  7811 | D:6      | Acquired the Treatise on Damage
  7943 | D:7      | Reached skill level 5 in Invocations
  8329 | D:7      | Found a staircase to the Ecumenical Temple.
  8362 | Temple   | Entered the Ecumenical Temple
  8526 | D:7      | Found a snail-covered altar of Cheibriados.
  8554 | D:7      | Became a worshipper of Cheibriados the Contemplative
  8607 | D:7      | Reached skill level 5 in Fighting
  8607 | D:7      | Reached skill level 5 in Short Blades
  8607 | D:7      | Reached skill level 5 in Long Blades
  8607 | D:7      | Reached skill level 5 in Axes
  8607 | D:7      | Reached skill level 5 in Maces & Flails
  8607 | D:7      | Reached skill level 5 in Polearms
  8607 | D:7      | Reached skill level 5 in Staves
  8607 | D:7      | Reached skill level 5 in Ranged Weapons
  8607 | D:7      | Reached skill level 5 in Throwing
  8607 | D:7      | Reached skill level 5 in Armour
  8607 | D:7      | Reached skill level 5 in Shields
  8607 | D:7      | Reached skill level 5 in Unarmed Combat
  8607 | D:7      | Reached skill level 5 in Evocations
  8607 | D:7      | Reached XP level 10. HP: 56/74 MP: 20/20
  8685 | D:7      | Learned a level 4 spell: Flame Wave
  8689 | D:7      | Learned a level 3 spell: Inner Flame
  8915 | D:7      | Reached * piety under Cheibriados
  9191 | D:7      | Noticed Prince Ribbit
  9198 | D:7      | Killed Prince Ribbit
  9432 | D:8      | Noticed a two-headed ogre
  9440 | D:8      | Killed a two-headed ogre
  9441 | D:8      | Reached skill level 5 in Conjurations
  9722 | D:8      | Found an opulent altar of Gozag.
 10103 | D:8      | Found a runed translucent door.
 10105 | D:8      | Found a runed translucent gate.
 10106 | D:8      | Found a runed translucent gate.
 10112 | D:8      | Found the +9 staff of Olgreb {rPois∞}
 10117 | D:8      | Found a runed translucent door.
 10162 | D:8      | Found a runed translucent gate.
 10190 | D:8      | Reached ** piety under Cheibriados
 10194 | D:8      | Noticed an orange demon
 10206 | D:8      | Killed an orange demon
 10207 | D:8      | Noticed Amaemon
 10220 | D:8      | Killed Amaemon
 10695 | D:9      | Reached skill level 5 in Hexes
 10695 | D:9      | Reached skill level 5 in Summonings
 10695 | D:9      | Reached skill level 5 in Necromancy
 10695 | D:9      | Reached skill level 5 in Translocations
 10695 | D:9      | Reached skill level 5 in Transmutations
 10695 | D:9      | Reached skill level 5 in Ice Magic
 10695 | D:9      | Reached skill level 5 in Air Magic
 10695 | D:9      | Reached skill level 5 in Earth Magic
 10695 | D:9      | Reached skill level 5 in Poison Magic
 10695 | D:9      | Reached XP level 11. HP: 78/81 MP: 17/22
 11104 | D:9      | Found a runed translucent door.
 11107 | D:9      | Found a burning altar of Makhleb.
 11107 | D:9      | Noticed a sixfirhy
 11730 | D:9      | Found an ornate altar of the Wu Jian Council.
 12146 | D:9      | Found a basalt altar of Yredelemnul.
 12284 | D:9      | Reached *** piety under Cheibriados
 12601 | D:10     | Entered Level 10 of the Dungeon
 12881 | D:10     | Found a sacrificial altar of Ru.
 13051 | D:10     | Found a staircase to the Lair.
 13672 | D:10     | HP: 4/83 [slime creature (17)]
 13673 | D:10     | Mangled by a slime creature

Illustrated notes

Levels and vault maps discovered:
D:1:      eino_arrival_water_cross, layout_basic, minmay_misc_feat_five,
          minmay_octomino_j4
D:2:      layout_loops_ring, basic_altar, uniq_sigmund
D:3:      layout_loops_corners, vehumet_statue
D:4:      layout_basic, grunt_temple_overflow_order_and_chaos_1,
          lemuel_doored_altar, lightli_sewer_entry_pipes, minmay_liquid_box,
          minmay_misc_feat_columns, uniq_natasha, uniq_blork_the_orc,
          uniq_duvessa
D:5:      layout_cave_pools, elyvilon_altar_1, nicolae_hepliaklqana_hazy_memory,
          okawaru_gym_becter, minivault_4, hangedman_feature_mirror,
          eino_small_chamber_without_monster, grunt_ministairs_12,
          moated_statue, uniq_crazy_yiuf_cottage
D:6:      layout_cave_pods, ldierk_geyser, minmay_misc_feat_iff,
          nrook_loot_triangle, grunt_decor_cap, due_unseen_surprise,
          uniq_menkaure, uniq_grinder
D:7:      layout_basic, mainiacjoe_overflow_paths, minmay_temple_entry_arrows,
          minivault_10, kennysheep_crisscross, grunt_ministairs_3,
          uniq_prince_ribbit1
D:8:      layout_gridville, nicolae_gozag_seed_capital, minivault_25,
          minmay_guarded_unrand_staff_of_olgreb, uniq_amaemon
D:9:      layout_roguey, nzn_makhleb_speed_demon, overflow_temple_1_default,
          lemuel_mausoleum_altar_yredelemnul
D:10:     layout_roguey, mainiacjoe_overflow_surrounded_room,
          erik_lair_orcish_takeover, minmay_orc_entry_temple_small,
          minmay_pinched_square
Temple:   kb_temple_of_zot

Skill      XL: |  1  2  3  4  5  6  7  8  9 10 11 |
---------------+----------------------------------+-----
Conjurations   | 2 3 4 5 6 |  6.1
Spellcasting   | 5 6 7 8 |  8.5
Invocations    | 1 2 3 4 5 6 7 |  7.4
Fighting       | 1 2 3 4 5 6 |  6.8
Short Blades   | 1 2 3 4 5 6 |  6.8
Long Blades    | 1 2 3 4 5 6 |  6.8
Axes           | 1 2 3 4 5 6 |  6.8
Maces & Flails | 1 2 3 4 5 6 |  6.8
Polearms       | 1 2 3 4 5 6 |  6.8
Staves         | 1 2 3 4 5 6 |  6.8
Ranged Weapons | 1 2 3 4 5 6 |  6.8
Throwing       | 1 2 3 4 5 6 |  6.8
Armour         | 1 2 3 4 5 6 |  6.8
Shields        | 1 2 3 4 5 6 |  6.8
Unarmed Combat | 1 2 3 4 5 6 |  6.8
Hexes          | 1 2 3 4 5 |  5.6
Summonings     | 1 2 3 4 5 |  5.6
Necromancy     | 1 2 3 4 5 |  5.6
Translocations | 1 2 3 4 5 |  5.6
Transmutations | 1 2 3 4 5 |  5.6
Ice Magic      | 1 2 3 4 5 |  5.6
Air Magic      | 1 2 3 4 5 |  5.6
Earth Magic    | 1 2 3 4 5 |  5.6
Poison Magic   | 1 2 3 4 5 |  5.6
Evocations     | 1 2 3 4 5 6 |  6.8
Dodging        | 5 6 7 8 |  8.3
Stealth        | 5 6 7 8 |  8.0
Fire Magic     | 6 7 |  7.9

Action                     |  1- 3 |  4- 6 |  7- 9 | 10-12 || total
---------------------------+-------+-------+-------+-------++-------
  Melee: Unarmed           |    13 |       |       |       ||    13
         Bite              |     1 |       |     2 |       ||     3
         Halberd           |       |     1 |    23 |       ||    24
         Quarterstaff      |       |       |     4 |    12 ||    16
   Cast: Foxfire           |    80 |    60 |   222 |   110 ||   472
         Scorch            |     6 |    12 |    65 |    42 ||   125
         Flame Wave        |       |       |       |    33 ||    33
  Evoke: Wand              |       |       |     3 |     4 ||     7
    Use: Scroll            |       |       |    11 |    12 ||    23
 Armour: Robe              |     4 |     1 |    13 |    51 ||    69
  Dodge: Dodged            |    29 |    16 |   141 |   281 ||   467
